 Dungeon Crawl Stone Soup version 0.30-b1-2-g02819fbbbe (webtiles) character file.

Game seed: 11491376023723303752

128 Metae the Trooper (level 4, -1/41 HPs)
             Began as a Minotaur Fighter on July 4, 2023.
             Slain by an orc
             ... wielding a +0 war axe
              (4 damage)
             ... on level 3 of the Dungeon.
             The game lasted 00:03:18 (1956 turns).

Metae the Trooper (Minotaur Fighter)                Turns: 1956, Time: 00:03:18

Health: -1/41      AC: 10    Str: 22    XL:     4   Next: 86%
Magic:  3/3        EV:  8    Int:  5    God:
Gold:   132        SH:  4    Dex: 10    Spells: 3/3 levels left

rFire   . . .        a - +0 flail
rCold   . . .        c - +0 buckler
rNeg    . . .        q - +0 chain mail
rPois   .            (helmet restricted)
rElec   .            o - +0 cloak
rCorr   +            (no gloves)
SInv    .            (no boots)
Will    .....        (no amulet) Stlth
                     l - ring of resist corrosion
HPRegen 0.26/turn    (no ring)
MPRegen 0.08/turn

%: no passive effects
@: no status effects
A: horns 2, retaliatory headbutt
a: no special abilities


You were on level 3 of the Dungeon.
You visited 1 branch of the dungeon, and saw 3 of its levels.

You collected 132 gold pieces.

Inventory:

Hand Weapons
 a - a +0 flail (weapon)
Missiles
 r - a throwing net (quivered)
Armour
 b - a +0 scale mail
 c - a +0 buckler (worn)
 o - a +0 cloak (worn)
 q - a +0 chain mail (worn)
Jewellery
 l - a ring of resist corrosion (left hand)
Scrolls
 e - 6 scrolls of identify {unknown}
 g - 2 scrolls of amnesia {unknown}
 h - a scroll of brand weapon {unknown}
 n - 2 scrolls of blinking {unknown}
 s - a scroll of teleportation {unknown}
 u - a scroll of acquirement {unknown}
Potions
 d - a potion of might
 f - a potion of curing {unknown}
 i - 3 potions of mutation {unknown}
 j - a potion of haste
 k - 2 potions of invisibility {unknown}
 m - 2 potions of heal wounds {unknown}
 p - a potion of attraction {unknown}
 t - a potion of brilliance {unknown}


   Skills:
 + Level 4.4 Fighting
 + Level 3.5 Maces & Flails
 + Level 4.4 Armour
 + Level 1.9 Dodging
 + Level 4.4 Shields


You had 3 spell levels left.
You didn't know any spells.
Your spell library was empty.

Dungeon Overview and Level Annotations

Branches:
Dungeon (3/15)

Altars:


Innate Abilities, Weirdness & Mutations

You have a pair of horns on your head.
You reflexively headbutt those who attack you in melee.


Message History

The quokka bites you.
You thump the orc!
You kill the orc!
You block the quokka's attack.
You closely miss the orc. The quokka barely misses you.
The orc hits you with a +0 war axe.
You closely miss the orc.
The quokka bites you but does no damage.
The orc hits you but does no damage.
The orc priest mumbles some strange prayers to Beogh against you.
Beogh smites you! You block the quokka's attack. The orc barely misses you.
You sock the orc!
The orc is almost dead.
The quokka bites you but does no damage.
An orc comes into view. It is wielding a +0 dagger.
You block the orc's attack. The quokka barely misses you.
You barely miss the orc.
The orc is almost dead.
The orc shouts!
The quokka bites you but does no damage.
The orc hits you but does no damage.
The orc priest hits you with a +0 morningstar!
You are too injured to fight recklessly!
You are too injured to fight recklessly!
You are too injured to fight recklessly!
You are too injured to fight recklessly!
You are too injured to fight recklessly!
You sock the orc priest!
The orc priest is severely wounded.
The quokka bites you but does no damage.
The orc hits you but does no damage.
The orc priest invokes the aid of Beogh against you.
Beogh smites you!
* * * LOW HITPOINT WARNING * * *
You sock the orc priest!
You kill the orc priest!
The quokka barely misses you. You furiously retaliate!
You headbutt the quokka!
You kill the quokka!
The orc hits you with a +0 war axe.
You die...

P..#.#...# #.#
#..#.#..# #.## P#.#b
#..######
####.#######.......†
#
#............#######
##.###.############
# #......#########
#...............
#.......@†......
#.......)o......
#...............
#######....o....
#.........
######..## # ..# #
.# # #


You could see 2 orcs.

Vanquished Creatures
  An orc priest (D:3)
  Terence (D:2)
  4 adders
  2 dart slugs (D:3)
  2 orcs (D:3)
  4 ball pythons
  6 endoplasms
  4 giant cockroaches
  5 goblins
  2 hobgoblins
  8 jackals (D:1)
  3 quokkas
  5 bats
  4 frilled lizards
  9 kobolds
  5 rats
65 creatures vanquished.

Notes
Turn   | Place    | Note
-------+----------+-------------------------------------------
     0 | D:1      | Metae the Minotaur Fighter began the quest for the Orb.
     0 | D:1      | Reached XP level 1. HP: 19/19 MP: 0/0
    76 | D:1      | Reached XP level 2. HP: 22/27 MP: 1/1
   236 | D:1      | Reached skill level 1 in Dodging
   402 | D:1      | Reached XP level 3. HP: 33/33 MP: 2/2
   930 | D:2      | Noticed Terence
   942 | D:2      | Killed Terence
   943 | D:2      | Reached XP level 4. HP: 17/40 MP: 3/3
  1131 | D:2      | Found a faded altar of an unknown god.
  1955 | D:3      | HP: 2/41 [orc priest/divine providence (13)]
  1956 | D:3      | Slain by an orc

Illustrated notes

Levels and vault maps discovered:
D:1:      ncdulo_smallfort, layout_basic
D:2:      layout_loops_ring, ebering_ecumenical_altar_hall,
          kennysheep_big_empty_room, uniq_terence
D:3:      layout_basic, serial_aquarium, aquarium_bridge_square
          [aquarium_subvault_bridge, aquarium_subvault_wall,
          aquarium_subvault_wall, aquarium_subvault_bridge], aquarium_window_2,
          aquarium_window_fake, aquarium_window_fake, aquarium_view_2b,
          aquarium_balcony_3b, dk_noncrumbling_3, bh_walls_and_bars

Skill      XL: |  1  2  3 |
---------------+----------+-----
Dodging        | 1 |  1.9
Armour         | 4 |  4.4
Fighting       | 4 |  4.4
Shields        | 4 |  4.4
Maces & Flails | 3 |  3.5

Action                     |  1- 3 |  4- 6 || total
---------------------------+-------+-------++-------
  Melee: Flail             |    74 |    58 ||   132
         Headbutt          |    13 |     7 ||    20
  Throw: Throwing net      |     1 |       ||     1
 Armour: Scale mail        |    31 |       ||    31
         Chain mail        |       |    26 ||    26
  Dodge: Dodged            |    39 |    28 ||    67
  Block: Buckler           |    18 |    17 ||    35
